 Dungeon Crawl Stone Soup version 0.28.0 (webtiles) character file.

Game seed: 8623870907189369738

2 Armakuni the Twirler (level 1, 0/16 HPs)
             Began as a Human Gladiator on Feb 14, 2022.
             Slain by a bat (1 damage)
             ... on level 1 of the Dungeon.
             The game lasted 00:00:29 (51 turns).

Armakuni the Twirler (Human Gladiator)                Turns: 51, Time: 00:00:30

Health: 0/16       AC:  4    Str: 14    XL:     1   Next: 44%
Magic:  1/1        EV: 12    Int:  8    God:
Gold:   11         SH:  0    Dex: 14    Spells: 0/0 levels left

rFire   . . .      SeeInvis .   a - +0 quarterstaff
rCold   . . .      Faith    .   (shield currently unavailable)
rNeg    . . .      Spirit   .   b - +0 leather armour
rPois   .          Reflect  .   c - +0 helmet
rElec   .          Harm     .   (no cloak)
rCorr   .          Rampage  .   (no gloves)
Will    .....                   (no boots)
Stlth   +.........              (no amulet)
HPRegen 0.05/turn               (no ring)
MPRegen 0.07/turn               (no ring)

@: no status effects
A: no striking features
a: no special abilities


You were on level 1 of the Dungeon.
You visited 1 branch of the dungeon, and saw 1 of its levels.

You collected 11 gold pieces.

Inventory:

Hand Weapons
 a - a +0 quarterstaff (weapon)
Missiles
 d - 3 throwing nets (quivered)
Armour
 b - a +0 leather armour (worn)
 c - a +0 helmet (worn)


   Skills:
 + Level 2.1 Fighting
 + Level 3.1 Staves
 - Level 2.0 Throwing
 - Level 3.0 Dodging


You couldn't memorise any spells.
You didn't know any spells.
Your spell library contained the following spells:

 Spells                   Type           Power      Damage    Failure   Level
 Portal Projectile        Hex/Tloc       0%         N/A       86%         3
 Blade Hands              Tmut           0%         N/A       100%        5
 Excruciating Wounds      Necr           0%         N/A       100%        5


Dungeon Overview and Level Annotations

Branches:
Dungeon (1/15)

Altars:


Message History

You hit the jackal.
The jackal is heavily wounded.
The jackal bites you. The jackal closely misses you. x3
You completely miss the jackal.
The jackal is heavily wounded.
The jackal bites you. The jackal barely misses you. The jackal bites you.
You aren't carrying any potions.
As you read the scroll labelled KOINIS TIKKONI, it crumbles to dust.
It is a scroll of identify.
You don't have any unidentified items.
The jackal misses you. The jackal bites you. x2
The bat misses you.
The jackal bites you but does no damage.
The bat hits you but does no damage. The jackal misses you.
There is a stone staircase leading down here.
The bat barely misses you. The jackal barely misses you.
The bat hits you but does no damage. The jackal bites you.
* * * LOW HITPOINT WARNING * * *
The bat misses you.
The jackal bites you but does no damage.
The bat hits you but does no damage. The bat hits you but does no damage.
A goblin comes into view. It is wielding a +0 dagger.
Found 10 arrows.
The goblin shouts!
The bat closely misses you.
A ball python comes into view.
The jackal misses you.
The ball python hisses angrily.
The bat hits you.
* * * LOW HITPOINT WARNING * * *
The jackal bites you.
* * * LOW HITPOINT WARNING * * *
The bat completely misses you. The bat closely misses you.
The bat barely misses you. The bat hits you but does no damage.
The bat hits you but does no damage. The bat barely misses you.
The bat hits you but does no damage. The bat closely misses you.
The bat hits you.
You die...

......g...# #......###
........########........#
..............##........#
.........h......#.......#
....#..(..#.h...........#
#.(######.##.####.......#
#...8.....8S.# #.†.....#
# ..#.....#.h####.......#
#..<..#..b@.........#
#.....#...###########
..8.....8...#
...##.######.## #. #. ..#
# .. ...# .. ..### ###
###


You could see a jackal, a bat and a ball python.

Vanquished Creatures
  A giant cockroach (D:1)
  A jackal (D:1)
2 creatures vanquished.

Notes
Turn   | Place    | Note
-------+----------+-------------------------------------------
     0 | D:1      | Armakuni the Human Gladiator began the quest for the Orb.
     0 | D:1      | Reached XP level 1. HP: 16/16 MP: 1/1
    51 | D:1      | Slain by a bat

Illustrated notes

Levels and vault maps discovered:
D:1:      scummos_arrival_simple_crosswalls, layout_rooms, minmay_misc_feat_tiny

Action                   || total
-------------------------++-------
Melee: Quarterstaff      ||     7
  Use: Scroll            ||     1
Armor: Leather armour    ||    13
Dodge: Dodged            ||    21
